 Dungeon Crawl Stone Soup version 0.29-a0-334-gb41bcbb86e (webtiles) character file.

Game seed: 12635225697950070992

2347 Dauddaud the Basher (level 9, -3/106 HPs)
             Began as a Minotaur Berserker on Apr 14, 2022.
             Was a Believer of Trog.
             Killed from afar by an electric eel (10 damage)
             ... with a bolt of electricity
             ... on level 5 of the Dungeon.
             The game lasted 00:20:21 (5610 turns).

Dauddaud the Basher (Minotaur Berserker)            Turns: 5610, Time: 00:20:21

Health: -3/106     AC: 11    Str: 27    XL:     9   Next: 20%
Magic:  8/8        EV:  8    Int:  4    God:    Trog [**....]
Gold:   211        SH:  0    Dex: 15    Spells: 8/8 levels left

rFire   . . .      SeeInvis .   I - +8 whip "Snakebite" {venom, curare, rPois}
rCold   . . .      Faith    .   (no shield)
rNeg    . . .      Spirit   .   t - +0 plate armour
rPois   +          Reflect  .   (helmet restricted)
rElec   .          Harm     .   B - scarf {repulsion}
rCorr   .          Rampage  .   (no gloves)
Will    .....                   (no boots)
Stlth   ..........              (no amulet)
HPRegen 0.27/turn               c - +6 ring of dexterity
MPRegen 0.11/turn               (no ring)

@: berserking (expiring), studying Dodging, repel missiles, very quick
A: horns 2, retaliatory headbutt
a: Renounce Religion, Berserk, Trog's Hand


You were on level 5 of the Dungeon.
You worshipped Trog.
Trog was pleased with you.
You visited 1 branch of the dungeon, and saw 6 of its levels.

You collected 211 gold pieces.

Inventory:

Hand Weapons
 a - a +0 hand axe
 k - a +0 morningstar
 r - a +1 vorpal war axe
 w - a +0 halberd of venom
 C - a +0 trident of pain
 E - a +0 scythe of venom
 H - a +0 mace of venom
 I - the +8 whip "Snakebite" (weapon) {venom, curare, rPois}
   (You found it on level 4 of the Dungeon)

   It poisons the flesh of those it strikes.
   It occasionally inflicts asphyxiating poison on those it strikes, dealing
   poison damage and causing slowness.
   rPois:     It protects you from poison.
 L - a +4 vorpal dire flail
Missiles
 m - 8 poisoned darts (quivered)
Armour
 b - a +0 animal skin
 d - a +0 chain mail
 t - a +0 plate armour (worn)
 B - a scarf of repulsion (worn)
Jewellery
 c - a +6 ring of dexterity (left hand)
 J - a ring of fire
Wands
 q - a wand of acid (9)
 x - a wand of charming (15)
 M - a wand of flame (18)
Scrolls
 e - 3 scrolls of fear {unknown}
 h - a scroll of immolation {unknown}
 i - a scroll of enchant armour {unknown}
 o - 5 scrolls of identify {unknown}
 p - a scroll of amnesia {unknown}
 s - 4 scrolls of teleportation {unknown}
 u - 3 scrolls of noise {unknown}
 y - 2 scrolls of enchant weapon {unknown}
 z - a scroll of blinking {unknown}
 D - 2 scrolls of holy word {unknown}
 G - a scroll of brand weapon {unknown}
Potions
 f - 3 potions of heal wounds {unknown}
 g - a potion of degeneration {unknown}
 j - 2 potions of brilliance {unknown}
 l - 2 potions of berserk rage {unknown}
 n - 2 potions of lignification {unknown}
 v - 2 potions of haste {unknown}
 A - 2 potions of mutation {unknown}
 F - 2 potions of curing {unknown}
 K - a potion of flight {unknown}


   Skills:
 - Level 3.6 Fighting
 - Level 6.2(10.7) Axes
 * Level 11.0(11.7) Maces & Flails
 - Level 8.1(9.1) Polearms
 - Level 2.4 Armour
 - Level 2.2 Dodging


You had 8 spell levels left.
You didn't know any spells.
Your spell library was empty.

Dungeon Overview and Level Annotations

Branches:
Dungeon (6/15)             Temple (0/1) D:5

Altars:
Elyvilon
Nemelex Xobeh
Sif Muna
Uskayaw
Vehumet

Annotations:
D:5 1 transporter


Innate Abilities, Weirdness & Mutations

You have a pair of horns on your head.
You reflexively headbutt those who attack you in melee.


Message History

The plant begins to die.
The electric eel shoots out a bolt of lightning at you!
The bolt of electricity is repelled.
The bolt of electricity hits you!
The bolt of electricity hits the plant!
The plant begins to die.
You feel a strong urge to attack something.
The electric eel shoots out a bolt of lightning at you!
The bolt of electricity hits you.
* * * LOW HITPOINT WARNING * * *
The bolt of electricity hits you!
* * * LOW HITPOINT WARNING * * *
You miss the electric eel. Your punch misses the electric eel.
You closely miss the electric eel. Your headbutt misses the electric eel.
You barely miss the electric eel.
The electric eel shoots out a bolt of lightning at you!
The bolt of electricity hits you.
* * * LOW HITPOINT WARNING * * *
The bolt of electricity hits you.
* * * LOW HITPOINT WARNING * * *
The electric eel shoots out a bolt of lightning at you!
The bolt of electricity misses you.
The bolt of electricity hits the electric eel.
The electric eel completely resists.
The bolt of electricity hits the electric eel.
The electric eel completely resists.
You are too berserk!
Okay, then.
You closely miss the electric eel. You whack the electric eel!
The electric eel is poisoned.
The electric eel looks as sick as possible!
The electric eel convulses.
You kill the electric eel!
Trog accepts your kill.
You closely miss the electric eel. You thrash the electric eel!!
You kill the electric eel!
Trog accepts your kill.
Your Maces & Flails skill increases to level 11!
The electric eel shoots out a bolt of lightning at you!
The bolt of electricity hits you!
You die...

######################
#....................#
#.###############.##.#
#####.#8P#S≈≈≈≈≈≈#P8#.##.#
#.....#..#.......#..#..#.#
#.#..©#©)'@..⌠...+?©#©...##
#.##..#..#.......#..#.....#
#.###.#8P#≈≈≈≈≈≈≈#P8#......
#.# #.###############.##..#
#.# #.................##..#
#.# ###.#...........#####.#
#.# #.##.#####.#..# #..
#.#####.##.# #.#..# ###
#..........# #.#..# #


You could see an electric eel.

Vanquished Creatures
  Prince Ribbit (D:5)
  Sigmund (D:4)
  Eustachio (D:4)
  Menkaure (D:5)
  Edmund (D:5)
  2 water moccasins (D:5)
  Duvessa (D:5)
  2 sky beasts
  A black bear (D:4)
  2 ogres (D:5)
  A centaur (D:6)
  A scorpion (D:5)
  Dowan (D:5)
  A howler monkey (D:5)
  2 electric eels (D:5)
  3 hounds
  2 orc priests
  A jelly (D:5)
  Crazy Yiuf (D:4)
  2 iguanas
  An orc wizard (D:5)
  10 gnolls
  9 adders
  A white imp (D:5)
  An ufetubus (D:5)
  3 dart slugs
  15 orcs
  10 ball pythons
  3 bats (D:1)
  4 endoplasms
  2 giant cockroaches (D:1)
  3 goblins
  4 hobgoblins (D:1)
  2 jackals (D:1)
  5 kobolds
  8 quokkas
  4 frilled lizards
  6 rats
119 creatures vanquished.

Notes
Turn   | Place    | Note
-------+----------+-------------------------------------------
     0 | D:1      | Dauddaud the Minotaur Berserker began the quest for the
                  | Orb.
     0 | D:1      | Reached XP level 1. HP: 19/19 MP: 0/0
   319 | D:1      | Found a faded altar of an unknown god.
   330 | D:1      | Reached XP level 2. HP: 26/27 MP: 1/1
   472 | D:1      | Reached skill level 5 in Axes
   591 | D:1      | Reached ** piety under Trog
   632 | D:1      | Reached XP level 3. HP: 33/33 MP: 2/2
   957 | D:2      | Reached skill level 1 in Maces & Flails
  1597 | D:3      | Reached XP level 4. HP: 40/40 MP: 3/3
  2115 | D:3      | Reached skill level 1 in Polearms
  2656 | D:4      | Noticed Eustachio
  2662 | D:4      | Killed Eustachio
  2663 | D:4      | Reached XP level 5. HP: 46/46 MP: 4/4
  2753 | D:4      | Reached XP level 6. HP: 52/52 MP: 5/5
  2930 | D:4      | Reached skill level 5 in Polearms
  2930 | D:4      | Noticed Sigmund
  2944 | D:4      | Killed Sigmund
  2945 | D:4      | Reached XP level 7. HP: 58/58 MP: 6/6
  3239 | D:4      | Found a white marble altar of Elyvilon.
  3242 | D:4      | Found a hide-covered altar of Uskayaw.
  3244 | D:4      | Found a sparkling altar of Nemelex Xobeh.
  3244 | D:4      | Found a radiant altar of Vehumet.
  3413 | D:4      | Found a runed translucent door.
  3414 | D:4      | Noticed Crazy Yiuf
  3416 | D:4      | Found the +8 whip "Snakebite" {venom, curare, rPois}
  3422 | D:4      | Killed Crazy Yiuf
  3670 | D:4      | Reached skill level 2 in Maces & Flails
  3764 | D:4      | Found a shimmering blue altar of Sif Muna.
  3803 | D:5      | Entered Level 5 of the Dungeon
  3810 | D:5      | Reached skill level 3 in Maces & Flails
  3815 | D:5      | Reached skill level 4 in Maces & Flails
  3906 | D:5      | Reached skill level 5 in Maces & Flails
  3911 | D:5      | Reached XP level 8. HP: 66/66 MP: 7/7
  3935 | D:5      | Noticed Prince Ribbit
  4120 | D:5      | Killed Prince Ribbit
  4121 | D:5      | Reached skill level 7 in Maces & Flails
  4168 | D:5      | Noticed Edmund
  4182 | D:5      | Killed Edmund
  4314 | D:5      | Reached skill level 8 in Maces & Flails
  4478 | D:5      | Found a transporter.
  4549 | D:5      | Noticed Menkaure
  4555 | D:5      | Killed Menkaure
  4559 | D:5      | Reached skill level 9 in Maces & Flails
  4576 | D:5      | Noticed Dowan
  4579 | D:5      | Noticed Duvessa
  4622 | D:6      | HP: 1/99 [centaur/arrow (7)]
  4990 | D:5      | Killed Duvessa
  4994 | D:5      | Reached skill level 10 in Maces & Flails
  4994 | D:5      | Reached XP level 9. HP: 71/71 MP: 8/8
  5011 | D:5      | Killed Dowan
  5147 | D:5      | Found a staircase to the Ecumenical Temple.
  5511 | D:5      | Found a transporter.
  5610 | D:5      | Reached skill level 11 in Maces & Flails
  5610 | D:5      | Killed from afar by an electric eel

Illustrated notes

Levels and vault maps discovered:
D:1:      amcnicky_arrival_choice, layout_basic, ebering_ecumenical_altar_webs,
          minmay_stone_trees_small
D:2:      layout_loops_cross
D:3:      layout_loops_corners
D:4:      layout_loops_corners, chequers_temple_overflow_statue_of_worship,
          lemuel_blue_sif_altar, uniq_crazy_yiuf_cottage, uniq_eustachio,
          uniq_sigmund
D:5:      gammafunk_steamed_eel, layout_loops_ring,
          minmay_temple_entry_large_hall, minmay_manual_moon, uniq_menkaure,
          uniq_edmund, uniq_duvessa, uniq_prince_ribbit1
D:6:      layout_cave_pools

Skill      XL: |  1  2  3  4  5  6  7  8  9 |
---------------+----------------------------+-----
Axes           | 4 5 6 |  6.2
Maces & Flails | 1 5 10 11 | 11.0
Polearms       | 4 6 8 |  8.1
Fighting       | |  3.6
Armour         | |  2.4
Dodging        | |  2.2

Action                   |  1- 3 |  4- 6 |  7- 9 || total
-------------------------+-------+-------+-------++-------
Melee: Hand axe          |    43 |       |       ||    43
       Headbutt          |     6 |     7 |    18 ||    31
       Morningstar       |    23 |       |       ||    23
       War axe           |     9 |    13 |       ||    22
       Punch             |     1 |       |       ||     1
       Halberd           |       |    49 |    23 ||    72
       Whip              |       |       |    92 ||    92
Invok: Berserk           |       |     3 |    10 ||    13
       Trog's Hand       |       |     1 |     6 ||     7
Armor: Chain mail        |    44 |       |       ||    44
       Plate armour      |     2 |    31 |    50 ||    83
Dodge: Dodged            |    45 |    12 |    37 ||    94
       Repelled          |       |     1 |     2 ||     3

Table legend: (Time is in decaauts)
 A = Elapsed time spent in this place.
 B = Non-inter-level travel time spent in this place.
 C = Inter-level travel time spent in this place.
 D = Time resting spent in this place.
 E = Time spent auto-exploring this place.
 F = Levels seen in this place.
 G = Mean time per level.
                   A        B        C        D        E       F      G
               +--------+--------+--------+--------+--------+-----+--------+
         Total |   5730 |   5518 |    212 |   1355 |   3378 |   6 |  955.0 |
       Dungeon |   5730 |   5518 |    212 |   1355 |   3378 |   6 |  955.0 |
               +--------+--------+--------+--------+--------+-----+--------+

Top non-repeatable levels by time:
     D:4: 1494 daAuts
     D:5: 1201 daAuts
     D:3: 1069 daAuts
     D:1: 915 daAuts
     D:2: 647 daAuts
     D:6: 403 daAuts
